Coyotes vs Blues
Created - 18 mars 2015 at 23:18
Goals
|
| Coyotes |
1 |
0 |
1 |
2 |
| Blues |
4 |
1 |
2 |
7 |
|
Shots
|
| Coyotes |
9 |
5 |
11 |
25 |
| Blues |
12 |
12 |
9 |
33 |
|
1st period
1. Blues , Andrew Cogliano 12 (Sergei Shirokov, Drew Fata) at 4:27
2. Coyotes , Frans Nielsen 27 (Drew Miller, Adrian Aucoin) at 7:03
3. Blues , Marian Hossa 37 (Paul Kariya, Nik Antropov) at 14:41 (PP)
4. Blues , Travis Zajac 42 (Joe Pavelski) at 14:45
5. Blues , Joe Pavelski 40 (Paul Kariya, Dan Boyle) at 16:06
Penalties :
Erik Cole (Ari) for Roughing (Minor) at 9:04, Tyler Ennis (Ari) for Boarding (Minor) at 14:29, Brian Lee (STL) for Hooking (Minor) at 16:13
2nd period
6. Blues , Dan Boyle 16 (Marian Hossa, Paul Kariya) at 3:17 (PP)
Penalties :
Anton Stralman (Ari) for Interference (Minor) at 3:08, Andy Sutton (Ari) for Holding (Minor) at 6:50, Brian Lee (STL) for Tripping (Minor) at 12:17, Dan Boyle (STL) for Fighting (Major) at 15:26, Marian Gaborik (Ari) for Fighting (Major) at 15:26, Tyler Ennis (Ari) for Cross-checking (Minor) at 19:29
3rd period
7. Blues , Paul Kariya 37 (Travis Zajac) at 13:49
8. Coyotes , Marian Gaborik 46 (Tim Connolly, Tyler Ennis) at 14:45
9. Blues , Marian Hossa 38 (Nik Antropov) at 16:51 (PP)
Penalties :
Tyler Ennis (Ari) for Tripping (Minor) at 16:46, Denis Grebeshkov (Ari) for Roughing (Minor) at 17:23
Goalie Stats
Marc Denis (Ari), 7 saves from 11 shots - (0,636), L, 4-5-3, 16:06 minutes
Ryan Miller (Ari), 19 saves from 22 shots - (0,864), 43:54 minutes
Tuukka Rask (STL), 23 saves from 25 shots - (0,920), W, 36-16-6, 60:00 minutes
Players Stats for Coyotes
Player Name G A P +/- PIM S H SB GA TA FO MP PP MP PK MP
------------------------------------------------------------------------------------
Adrian Aucoin 0 1 1 0 0 0 0 1 0 0 0/0 23:25 0:32 5:04
Andy Sutton 0 0 0 0 2 0 0 4 0 0 0/0 17:10 0:00 3:48
Anton Stralman 0 0 0 -2 2 1 1 0 0 0 0/0 21:55 1:24 4:35
Chad Larose 0 0 0 -1 0 0 2 1 0 0 0/1 15:55 0:00 4:41
Chris Stewart 0 0 0 0 0 0 3 1 0 1 0/1 17:25 1:49 0:00
Denis Grebeshkov 0 0 0 0 2 0 1 1 1 2 0/0 24:04 2:34 2:11
Drew Miller 0 1 1 0 0 1 2 0 1 0 5/11 17:44 0:00 4:48
Erik Christensen 0 0 0 -2 0 1 0 0 1 0 2/3 9:17 1:24 0:46
Erik Cole 0 0 0 -1 2 1 2 0 0 0 0/0 13:37 0:00 2:24
Frans Nielsen 1 0 1 0 0 2 1 1 0 1 9/15 17:33 1:49 3:21
Marian Gaborik 1 0 1 1 5 7 1 0 0 0 0/2 15:39 2:09 0:00
Saku Koivu 0 0 0 -1 0 1 0 0 0 0 7/12 12:42 1:49 0:00
Sami Kapanen 0 0 0 -2 0 1 0 0 0 0 0/0 6:41 0:00 0:00
Sergei Gonchar 0 0 0 -2 0 2 0 1 0 1 0/0 19:15 2:02 1:06
Shawn Thornton 0 0 0 -2 0 1 0 1 0 0 0/0 8:03 0:00 0:44
Tim Connolly 0 1 1 1 0 7 1 0 0 0 12/19 18:53 2:09 0:00
Tomas Kloucek 0 0 0 0 0 0 0 0 0 0 0/0 13:22 0:00 0:00
Tyler Ennis 0 1 1 1 6 0 0 0 0 2 0/1 18:50 2:09 0:00
Players Stats for Blues
Player Name G A P +/- PIM S H SB GA TA FO MP PP MP PK MP
------------------------------------------------------------------------------------
Ales Kotalik 0 0 0 0 0 0 1 0 0 0 0/0 7:10 0:00 0:46
Andrew Cogliano 1 0 1 0 0 4 1 0 0 0 3/7 13:04 0:30 0:37
Brent Burns 0 0 0 1 0 3 3 1 1 0 0/0 24:40 5:09 1:38
Brian Lee 0 0 0 1 4 1 2 1 0 2 0/0 20:05 3:53 0:00
Bryce Lampman 0 0 0 1 0 0 1 1 0 0 0/0 21:12 0:00 2:20
Dan Boyle 1 1 2 1 5 4 3 2 2 0 0/0 21:58 4:29 0:00
David Perron 0 0 0 0 0 1 1 0 1 0 0/0 15:35 3:23 0:00
Derek Boogaard 0 0 0 0 0 0 2 0 0 0 0/0 7:28 0:00 1:10
Drew Fata 0 1 1 0 0 0 0 1 0 0 0/0 13:32 0:00 2:20
Erik Rasmussen 0 0 0 0 0 0 1 0 0 0 0/1 6:18 0:00 0:00
Joe Pavelski 1 1 2 2 0 2 1 0 2 0 0/1 20:50 3:23 0:00
Kevin Shattenkirk 0 0 0 0 0 1 4 2 0 0 0/0 18:36 3:13 1:38
Marian Hossa 2 1 3 0 0 3 1 0 0 0 0/1 16:51 4:59 0:00
Nik Antropov 0 2 2 0 0 1 1 1 0 0 8/22 18:52 4:59 2:01
Paul Kariya 1 3 4 2 0 7 2 0 0 0 1/1 21:36 4:29 0:00
Sergei Shirokov 0 1 1 0 0 0 2 0 0 0 0/1 13:23 0:00 1:20
Taylor Pyatt 0 0 0 0 0 3 3 0 0 0 0/1 13:59 0:00 2:02
Travis Zajac 1 1 2 2 0 3 0 0 1 1 18/30 20:50 3:23 0:00
3 Stars
1 - Paul Kariya (STL)
2 - Marian Hossa (STL)
3 - Joe Pavelski (STL)
Power Play
Coyotes - 0 on 2 Attempt(s) - 0,00%
Blues - 3 on 7 Attempt(s) - 42,86%
Penalty Kill
Coyotes - 4 on 7 Attempt(s) - 57,14%
- Score 0 goal in Penalty Kill
Blues - 2 on 2 Attempt(s) - 100,00%
- Score 0 goal in Penalty Kill
Team Stat
Coyotes - Hits : 14 - Faceoff Wins : 35 - Blocked Shots : 11 - Penalty Minutes : 19
Blues - Hits : 29 - Faceoff Wins : 30 - Blocked Shots : 9 - Penalty Minutes : 9
Official
Referees : Martell Rob and Pollock Kevin
Linesman : Jay Sharrers and Shane Heyer
Game Notes
Ryan Miller enters game at 16:06 of 1st period
Dan Boyle and Marian Gaborik fight to a draw at 15:26 of 2nd period
Finance
Level 1 -- Attendance: 6000 (100,00%) -- Ticket Income 504 000 $
Level 2 -- Attendance: 5000 (100,00%) -- Ticket Income 260 000 $
Level 3 -- Attendance: 1814 (90,70%) -- Ticket Income 54 420 $
Level 4 -- Attendance: 4000 (100,00%) -- Ticket Income 76 000 $
Luxury Box -- Attendance: 800 (80,00%) -- Ticket Income 135 200 $
Game was played at the Scotttrade center'
Total Attendance: 17614 (97,86%)
Total Ticket Income: 1 029 620 $
Other Income: 154 443 $
Total Income: 1 184 063 $
Coyotes
5 vs 5 Forward
Center Left Wing Right Wing Time % Phy DF OF
1 Tim Connolly Tyler Ennis Marian Gaborik 35 1 1 3
2 Frans Nielsen Drew Miller Chris Stewart 28 1 2 2
3 Saku Koivu Erik Cole Chad Larose 25 2 2 1
4 Erik Christensen Shawn Thornton Sami Kapanen 12 2 2 1
5 vs 5 Defense
Defense Defense Time % Phy DF OF
1 Denis Grebeshkov Adrian Aucoin 37 1 2 2
2 Sergei Gonchar Anton Stralman 34 1 3 1
3 Tomas Kloucek Andy Sutton 28 1 3 1
4 Sergei Gonchar Denis Grebeshkov 1 1 4 0
PowerPlay Forward
Center Left Wing Right Wing Time % Phy DF OF
1 Tim Connolly Tyler Ennis Marian Gaborik 57 0 0 5
2 Saku Koivu Frans Nielsen Chris Stewart 43 0 0 5
PowerPlay Defense
Defense Defense Time % Phy DF OF
1 Denis Grebeshkov Sergei Gonchar 57 0 0 5
2 Anton Stralman Erik Christensen 43 0 0 5
Penalty Kill 4 Players Forward
Center Wing Time % Phy DF OF
1 Drew Miller Chad Larose 54 0 5 0
2 Frans Nielsen Erik Cole 46 0 5 0
Penalty Kill 4 Players Defense
Defense Defense Time % Phy DF OF
1 Adrian Aucoin Andy Sutton 54 1 4 0
2 Anton Stralman Denis Grebeshkov 46 1 4 0
Penalty Kill - 3 Players Forward
Forward Time % Phy DF OF
1 Drew Miller 52 0 5 0
2 Chad Larose 48 0 5 0
Penalty Kill - 3 Players Defense
Defense Defense Time % Phy DF OF
1 Andy Sutton Adrian Aucoin 52 0 5 0
2 Anton Stralman Denis Grebeshkov 48 0 5 0
4 vs 4 Forward
Center Wing Time % Phy DF OF
1 Tim Connolly Marian Gaborik 52 1 1 3
2 Frans Nielsen Drew Miller 48 1 2 2
4 vs 4 Defense
Defense Defense Time % Phy DF OF
1 Adrian Aucoin Anton Stralman 52 1 3 1
2 Denis Grebeshkov Sergei Gonchar 48 1 2 2
Last Minutes Offensive
Center Left Wing Right Wing Defense Defense
Tim Connolly Tyler Ennis Marian Gaborik Denis Grebeshkov Anton Stralman
Last Minutes Defensive
Center Left Wing Right Wing Defense Defense
Drew Miller Erik Cole Chad Larose Denis Grebeshkov Anton Stralman
Goaltenders
Starting : Marc Denis
Backup : Ryan Miller
Extra Forwards
Normal : Marian Gaborik, Tyler Ennis, Chris Stewart - PP : Marian Gaborik, Chris Stewart - PK : Drew Miller
Extra Defensemen
Normal : Denis Grebeshkov, Adrian Aucoin, Anton Stralman - PP : Denis Grebeshkov - PK : Andy Sutton, Adrian Aucoin
Penalty Shots
Marian Gaborik, Tyler Ennis, Chad Larose, Drew Miller, Tim Connolly
Blues
5 vs 5 Forward
Center Left Wing Right Wing Time % Phy DF OF
1 Travis Zajac Paul Kariya Joe Pavelski 40 1 2 2
2 Nik Antropov David Perron Marian Hossa 30 1 2 2
3 Andrew Cogliano Taylor Pyatt Sergei Shirokov 20 1 2 2
4 Erik Rasmussen Derek Boogaard Ales Kotalik 10 1 2 2
5 vs 5 Defense
Defense Defense Time % Phy DF OF
1 Dan Boyle Bryce Lampman 40 1 2 2
2 Brent Burns Brian Lee 30 1 2 2
3 Drew Fata Kevin Shattenkirk 20 1 2 2
4 Dan Boyle Brent Burns 10 1 2 2
PowerPlay Forward
Center Left Wing Right Wing Time % Phy DF OF
1 Nik Antropov Paul Kariya Marian Hossa 60 1 2 2
2 Travis Zajac David Perron Joe Pavelski 40 1 2 2
PowerPlay Defense
Defense Defense Time % Phy DF OF
1 Dan Boyle Brent Burns 60 1 2 2
2 Brian Lee Kevin Shattenkirk 40 1 2 2
Penalty Kill 4 Players Forward
Center Wing Time % Phy DF OF
1 Nik Antropov Taylor Pyatt 60 1 2 2
2 Ales Kotalik Sergei Shirokov 40 1 2 2
Penalty Kill 4 Players Defense
Defense Defense Time % Phy DF OF
1 Bryce Lampman Drew Fata 60 1 2 2
2 Brent Burns Kevin Shattenkirk 40 1 2 2
Penalty Kill - 3 Players Forward
Forward Time % Phy DF OF
1 Taylor Pyatt 60 1 2 2
2 Ales Kotalik 40 1 2 2
Penalty Kill - 3 Players Defense
Defense Defense Time % Phy DF OF
1 Drew Fata Bryce Lampman 60 1 2 2
2 Brian Lee Dan Boyle 40 1 2 2
4 vs 4 Forward
Center Wing Time % Phy DF OF
1 Travis Zajac Paul Kariya 60 1 2 2
2 Nik Antropov Marian Hossa 40 1 2 2
4 vs 4 Defense
Defense Defense Time % Phy DF OF
1 Dan Boyle Bryce Lampman 60 1 2 2
2 Brent Burns Brian Lee 40 1 2 2
Last Minutes Offensive
Center Left Wing Right Wing Defense Defense
Travis Zajac Paul Kariya Marian Hossa Dan Boyle Brent Burns
Last Minutes Defensive
Center Left Wing Right Wing Defense Defense
Nik Antropov Taylor Pyatt Sergei Shirokov Bryce Lampman Drew Fata
Goaltenders
Starting : Tuukka Rask
Backup : Cory Schneider
Extra Forwards
Normal : Andrew Cogliano, Taylor Pyatt, Sergei Shirokov - PP : Andrew Cogliano, Taylor Pyatt - PK : Sergei Shirokov
Extra Defensemen
Normal : Brian Lee, Kevin Shattenkirk, Bryce Lampman - PP : Brian Lee - PK : Kevin Shattenkirk, Dan Boyle
Penalty Shots
David Perron, Joe Pavelski, Marian Hossa, Travis Zajac, Nik Antropov
% Time on Ice - Coyotes
Lines # - Real PCT - Wanted PCT - Time Play
Normal Forward
1 - 37% - 35% - 17:26
2 - 26% - 28% - 12:23
3 - 23% - 25% - 11:10
4 - 14% - 12% - 6:41
Normal Defense
1 - 37% - 37% - 17:35
2 - 33% - 34% - 15:57
3 - 28% - 28% - 13:22
4 - 2% - 1% - 0:46
PP Forward
1 - 54% - 57% - 2:09
2 - 46% - 43% - 1:49
PP Defense
1 - 65% - 57% - 2:34
2 - 35% - 43% - 1:24
PK Forward
1 - 60% - 54% - 5:01
2 - 40% - 46% - 3:21
PK Defense
1 - 69% - 54% - 5:47
2 - 31% - 46% - 2:35
PK3 Forward
1 - 0% - 52%
2 - 0% - 48%
PK3 Defense
1 - 0% - 52%
2 - 0% - 48%
44 Forward
1 - 0% - 52%
2 - 0% - 48%
44 Defense
1 - 0% - 52%
2 - 0% - 48%
Last Minute Offensive - 0:00
Last Minute Defensive - 0:00
Total
Forward - 60:00
Defense - 60:00
|
% Time on Ice - Blues
Lines # - Real PCT - Wanted PCT - Time Play
Normal Forward
1 - 36% - 40% - 17:07
2 - 26% - 30% - 12:18
3 - 25% - 20% - 11:57
4 - 13% - 10% - 6:18
Normal Defense
1 - 41% - 40% - 19:26
2 - 29% - 30% - 14:01
3 - 22% - 20% - 10:24
4 - 8% - 10% - 3:49
PP Forward
1 - 60% - 60% - 4:59
2 - 40% - 40% - 3:23
PP Defense
1 - 62% - 60% - 5:09
2 - 38% - 40% - 3:13
PK Forward
1 - 81% - 60% - 3:12
2 - 19% - 40% - 0:46
PK Defense
1 - 59% - 60% - 2:20
2 - 41% - 40% - 1:38
PK3 Forward
1 - 0% - 60%
2 - 0% - 40%
PK3 Defense
1 - 0% - 60%
2 - 0% - 40%
44 Forward
1 - 0% - 60%
2 - 0% - 40%
44 Defense
1 - 0% - 60%
2 - 0% - 40%
Last Minute Offensive - 0:00
Last Minute Defensive - 0:00
Total
Forward - 60:00
Defense - 60:00
|
Play by Play
1st period
0:01 of 1st period - Travis Zajac wins face-off versus Tim Connolly in neutral zone.
1:02 of 1st period - Erik Cole is hit by Taylor Pyatt and loses puck.
1:35 of 1st period - Snap shot by Marian Gaborik.
1:35 of 1st period - Shot Misses the Net.
1:37 of 1st period - Snap shot by Tim Connolly.
1:37 of 1st period - Stopped by Tuukka Rask with a rebound.
1:39 of 1st period - Slapshot by Anton Stralman.
1:39 of 1st period - Stopped by Tuukka Rask without a rebound.
1:40 of 1st period - Travis Zajac wins face-off versus Frans Nielsen in Blues zone.
2:50 of 1st period - Shawn Thornton is hit by Brian Lee and loses puck.
3:16 of 1st period - Drew Miller is hit by Derek Boogaard and loses puck.
3:44 of 1st period - Snap shot by Tim Connolly.
3:44 of 1st period - Shot Blocked by Kevin Shattenkirk.
4:14 of 1st period - Sami Kapanen is hit by Kevin Shattenkirk and loses puck.
4:27 of 1st period - Wrist shot by Andrew Cogliano.
4:27 of 1st period - Goal by Andrew Cogliano - Coyotes : 0 - Blues : 1.
4:28 of 1st period - Travis Zajac wins face-off versus Tim Connolly in neutral zone.
4:53 of 1st period - Tyler Ennis is hit by Andrew Cogliano.
5:03 of 1st period - Wrist shot by Marian Gaborik.
5:03 of 1st period - Deflect By Tim Connolly.
5:03 of 1st period - Stopped by Tuukka Rask without a rebound.
5:04 of 1st period - Nik Antropov wins face-off versus Frans Nielsen in Blues zone.
6:40 of 1st period - Snap shot by David Perron.
6:40 of 1st period - Shot Misses the Net.
6:43 of 1st period - Icing by Adrian Aucoin.
6:44 of 1st period - Frans Nielsen wins face-off versus Travis Zajac in Coyotes zone.
7:01 of 1st period - Slapshot by Frans Nielsen.
7:01 of 1st period - Shot Misses the Net.
7:03 of 1st period - Wrist shot by Frans Nielsen.
7:03 of 1st period - Goal by Frans Nielsen - Coyotes : 1 - Blues : 1.
7:04 of 1st period - Saku Koivu wins face-off versus Nik Antropov in neutral zone.
7:57 of 1st period - Snap shot by Frans Nielsen.
7:57 of 1st period - Shot Misses the Net.
8:29 of 1st period - Backhand shot by Erik Christensen.
8:29 of 1st period - Stopped by Tuukka Rask with a rebound.
8:42 of 1st period - Off-side.
8:43 of 1st period - Saku Koivu wins face-off versus Nik Antropov in neutral zone.
9:04 of 1st period - Minor Penalty to Erik Cole for Roughing.
9:05 of 1st period - Drew Miller wins face-off versus Nik Antropov in Coyotes zone.
9:36 of 1st period - Adrian Aucoin is hit by Brent Burns and loses puck.
10:47 of 1st period - Anton Stralman is hit by Brent Burns and loses puck.
11:02 of 1st period - Erik Christensen is hit by Brian Lee and loses puck.
11:04 of 1st period - Penalty to Erik Cole is over, Erik Cole is back on ice.
11:22 of 1st period - Snap shot by Marian Gaborik.
11:22 of 1st period - Stopped by Tuukka Rask without a rebound.
11:23 of 1st period - Tim Connolly wins face-off versus Andrew Cogliano in Blues zone.
11:28 of 1st period - Snap shot by Tim Connolly.
11:28 of 1st period - Shot Misses the Net.
11:30 of 1st period - Wrist shot by Tim Connolly.
11:30 of 1st period - Stopped by Tuukka Rask without a rebound.
11:31 of 1st period - Tim Connolly wins face-off versus Andrew Cogliano in Blues zone.
12:00 of 1st period - Snap shot by Paul Kariya.
12:00 of 1st period - Stopped by Marc Denis with a rebound.
12:02 of 1st period - Slapshot by Paul Kariya.
12:02 of 1st period - Stopped by Marc Denis with a rebound.
12:04 of 1st period - Slapshot by Joe Pavelski.
12:04 of 1st period - Shot Misses the Net.
12:26 of 1st period - Erik Cole is hit by Marian Hossa and loses puck.
12:43 of 1st period - Slapshot by Erik Christensen.
12:43 of 1st period - Shot Misses the Net.
13:22 of 1st period - Snap shot by Travis Zajac.
13:22 of 1st period - Stopped by Marc Denis without a rebound.
13:23 of 1st period - Travis Zajac wins face-off versus Frans Nielsen in Coyotes zone.
13:24 of 1st period - Wrist shot by Paul Kariya.
13:24 of 1st period - Stopped by Marc Denis with a rebound.
13:26 of 1st period - Slapshot by Dan Boyle.
13:26 of 1st period - Stopped by Marc Denis with a rebound.
13:28 of 1st period - Snap shot by Joe Pavelski.
13:28 of 1st period - Shot Blocked by Sergei Gonchar.
13:32 of 1st period - Wrist shot by Travis Zajac.
13:32 of 1st period - Shot Misses the Net.
13:34 of 1st period - Wrist shot by Dan Boyle.
13:34 of 1st period - Deflect By Travis Zajac.
13:34 of 1st period - Shot Misses the Net.
13:34 of 1st period - Puck is out of play.
13:35 of 1st period - Travis Zajac wins face-off versus Frans Nielsen in Coyotes zone.
13:50 of 1st period - Snap shot by Travis Zajac.
13:50 of 1st period - Stopped by Marc Denis with a rebound.
14:06 of 1st period - Wrist shot by Tim Connolly.
14:06 of 1st period - Stopped by Tuukka Rask without a rebound.
14:07 of 1st period - Nik Antropov wins face-off versus Tyler Ennis in Blues zone.
14:29 of 1st period - Minor Penalty to Tyler Ennis for Boarding.
14:30 of 1st period - Drew Miller wins face-off versus Nik Antropov in Coyotes zone.
14:41 of 1st period - Wrist shot by Marian Hossa.
14:41 of 1st period - Goal by Marian Hossa - Coyotes : 1 - Blues : 2.
14:42 of 1st period - Travis Zajac wins face-off versus Saku Koivu in neutral zone.
14:45 of 1st period - Wrist shot by Joe Pavelski.
14:45 of 1st period - Deflect By Travis Zajac.
14:45 of 1st period - Goal by Travis Zajac - Coyotes : 1 - Blues : 3.
14:46 of 1st period - Travis Zajac wins face-off versus Saku Koivu in neutral zone.
14:49 of 1st period - Denis Grebeshkov is hit by Joe Pavelski.
15:34 of 1st period - Slapshot by Dan Boyle.
15:34 of 1st period - Stopped by Marc Denis with a rebound.
16:02 of 1st period - Slapshot by Paul Kariya.
16:02 of 1st period - Shot Misses the Net.
16:04 of 1st period - Slapshot by Joe Pavelski.
16:04 of 1st period - Shot Hit the Post.
16:06 of 1st period - Wrist shot by Joe Pavelski.
16:06 of 1st period - Goal by Joe Pavelski - Coyotes : 1 - Blues : 4.
16:06 of 1st period - Ryan Miller enters game.
16:07 of 1st period - Saku Koivu wins face-off versus Travis Zajac in neutral zone.
16:13 of 1st period - Minor Penalty to Brian Lee for Hooking.
16:14 of 1st period - Tim Connolly wins face-off versus Taylor Pyatt in Blues zone.
16:18 of 1st period - Wrist shot by Tim Connolly.
16:18 of 1st period - Shot Misses the Net.
16:20 of 1st period - Wrist shot by Marian Gaborik.
16:20 of 1st period - Stopped by Tuukka Rask without a rebound.
16:21 of 1st period - Tim Connolly wins face-off versus Nik Antropov in Blues zone.
16:30 of 1st period - Slapshot by Marian Gaborik.
16:30 of 1st period - Shot Misses the Net.
16:32 of 1st period - Snap shot by Denis Grebeshkov.
16:32 of 1st period - Shot Blocked by Bryce Lampman.
18:13 of 1st period - Penalty to Brian Lee is over, Brian Lee is back on ice.
18:22 of 1st period - Snap shot by Joe Pavelski.
18:22 of 1st period - Stopped by Ryan Miller without a rebound.
18:23 of 1st period - Travis Zajac wins face-off versus Erik Christensen in Coyotes zone.
18:48 of 1st period - Erik Cole is hit by Derek Boogaard and loses puck.
19:39 of 1st period - Brian Lee is hit by Frans Nielsen and loses puck.
Goals for this period are 1 for Coyotes vs 4 for Blues.
Shots for this period are 9 for Coyotes vs 12 for Blues.
2nd period
0:01 of 2nd period - Travis Zajac wins face-off versus Tim Connolly in neutral zone.
0:34 of 2nd period - Wrist shot by Nik Antropov.
0:34 of 2nd period - Shot Misses the Net.
0:36 of 2nd period - Snap shot by Dan Boyle.
0:36 of 2nd period - Stopped by Ryan Miller with a rebound.
0:38 of 2nd period - Wrist shot by David Perron.
0:38 of 2nd period - Shot Blocked by Chad Larose.
0:48 of 2nd period - Brent Burns is hit by Drew Miller and loses puck.
0:57 of 2nd period - Slapshot by Brian Lee.
0:57 of 2nd period - Stopped by Ryan Miller with a rebound.
1:15 of 2nd period - Slapshot by Frans Nielsen.
1:15 of 2nd period - Shot Misses the Net.
1:17 of 2nd period - Slapshot by Anton Stralman.
1:17 of 2nd period - Deflect By Frans Nielsen.
1:17 of 2nd period - Shot Misses the Net.
1:17 of 2nd period - Puck is out of play.
1:18 of 2nd period - Tim Connolly wins face-off versus Travis Zajac in Blues zone.
1:31 of 2nd period - Wrist shot by Marian Gaborik.
1:31 of 2nd period - Stopped by Tuukka Rask without a rebound.
1:32 of 2nd period - Travis Zajac wins face-off versus Saku Koivu in Blues zone.
1:32 of 2nd period - Travis Zajac is hit by Erik Cole.
1:38 of 2nd period - Slapshot by Brent Burns.
1:38 of 2nd period - Stopped by Ryan Miller without a rebound.
1:39 of 2nd period - Saku Koivu wins face-off versus Travis Zajac in Coyotes zone.
2:25 of 2nd period - Snap shot by David Perron.
2:25 of 2nd period - Stopped by Ryan Miller without a rebound.
2:26 of 2nd period - Andrew Cogliano wins face-off versus Drew Miller in Coyotes zone.
2:29 of 2nd period - Snap shot by Taylor Pyatt.
2:29 of 2nd period - Stopped by Ryan Miller without a rebound.
2:30 of 2nd period - Andrew Cogliano wins face-off versus Tim Connolly in Coyotes zone.
2:33 of 2nd period - Snap shot by Andrew Cogliano.
2:33 of 2nd period - Stopped by Ryan Miller without a rebound.
2:34 of 2nd period - Tim Connolly wins face-off versus Travis Zajac in Coyotes zone.
3:08 of 2nd period - Minor Penalty to Anton Stralman for Interference.
3:09 of 2nd period - Paul Kariya wins face-off versus Drew Miller in Coyotes zone.
3:09 of 2nd period - Snap shot by Nik Antropov.
3:09 of 2nd period - Stopped by Ryan Miller without a rebound.
3:10 of 2nd period - Nik Antropov wins face-off versus Drew Miller in Coyotes zone.
3:15 of 2nd period - Wrist shot by Marian Hossa.
3:15 of 2nd period - Stopped by Ryan Miller with a rebound.
3:17 of 2nd period - Slapshot by Dan Boyle.
3:17 of 2nd period - Goal by Dan Boyle - Coyotes : 1 - Blues : 5.
3:18 of 2nd period - Travis Zajac wins face-off versus Chris Stewart in neutral zone.
3:49 of 2nd period - Wrist shot by Tim Connolly.
3:49 of 2nd period - Shot Blocked by Dan Boyle.
3:51 of 2nd period - Snap shot by Marian Gaborik.
3:51 of 2nd period - Stopped by Tuukka Rask without a rebound.
3:52 of 2nd period - Nik Antropov wins face-off versus Saku Koivu in Blues zone.
5:24 of 2nd period - Off-side.
5:25 of 2nd period - Erik Christensen wins face-off versus Nik Antropov in neutral zone.
5:30 of 2nd period - Slapshot by Sergei Gonchar.
5:30 of 2nd period - Stopped by Tuukka Rask with a rebound.
5:52 of 2nd period - Tim Connolly is hit by Paul Kariya and loses puck.
6:17 of 2nd period - Snap shot by Andrew Cogliano.
6:17 of 2nd period - Shot Blocked by Chris Stewart.
6:28 of 2nd period - Icing by Frans Nielsen.
6:29 of 2nd period - Saku Koivu wins face-off versus Erik Rasmussen in Coyotes zone.
6:50 of 2nd period - Minor Penalty to Andy Sutton for Holding.
6:51 of 2nd period - Nik Antropov wins face-off versus Drew Miller in Coyotes zone.
8:50 of 2nd period - Penalty to Andy Sutton is over, Andy Sutton is back on ice.
10:10 of 2nd period - Icing by Marian Gaborik.
10:11 of 2nd period - Nik Antropov wins face-off versus Marian Gaborik in Coyotes zone.
10:20 of 2nd period - Slapshot by Brent Burns.
10:20 of 2nd period - Deflect By Marian Gaborik.
10:20 of 2nd period - Stopped by Ryan Miller without a rebound.
10:21 of 2nd period - Drew Miller wins face-off versus Sergei Shirokov in Coyotes zone.
10:30 of 2nd period - Wrist shot by Sergei Shirokov.
10:30 of 2nd period - Shot Blocked by Andy Sutton.
10:32 of 2nd period - Snap shot by Andrew Cogliano.
10:32 of 2nd period - Stopped by Ryan Miller with a rebound.
11:02 of 2nd period - Snap shot by Erik Cole.
11:02 of 2nd period - Shot Misses the Net.
11:08 of 2nd period - Slapshot by Taylor Pyatt.
11:08 of 2nd period - Stopped by Ryan Miller without a rebound.
11:09 of 2nd period - Travis Zajac wins face-off versus Tim Connolly in Coyotes zone.
12:17 of 2nd period - Minor Penalty to Brian Lee for Tripping.
12:18 of 2nd period - Tim Connolly wins face-off versus Nik Antropov in Blues zone.
13:40 of 2nd period - Nik Antropov is hit by Chris Stewart and loses puck.
14:07 of 2nd period - Adrian Aucoin is hit by Bryce Lampman and loses puck.
14:17 of 2nd period - Penalty to Brian Lee is over, Brian Lee is back on ice.
14:57 of 2nd period - Chad Larose is hit by Erik Rasmussen and loses puck.
15:10 of 2nd period - Erik Cole is hit by Sergei Shirokov.
15:17 of 2nd period - Icing by Brent Burns.
15:18 of 2nd period - Frans Nielsen wins face-off versus Andrew Cogliano in Blues zone.
15:21 of 2nd period - Wrist shot by Tim Connolly.
15:21 of 2nd period - Stopped by Tuukka Rask without a rebound.
15:22 of 2nd period - Travis Zajac wins face-off versus Tim Connolly in Blues zone.
15:26 of 2nd period - Dan Boyle and Marian Gaborik fight to a draw.
15:26 of 2nd period - Penalty to Dan Boyle for Fighting.
15:26 of 2nd period - Penalty to Marian Gaborik for Fighting.
15:27 of 2nd period - Tim Connolly wins face-off versus Travis Zajac in Coyotes zone.
16:24 of 2nd period - Snap shot by Andrew Cogliano.
16:24 of 2nd period - Shot Misses the Net.
16:26 of 2nd period - Slapshot by Brian Lee.
16:26 of 2nd period - Shot Blocked by Shawn Thornton.
16:44 of 2nd period - Slapshot by Tim Connolly.
16:44 of 2nd period - Stopped by Tuukka Rask with a rebound.
16:46 of 2nd period - Slapshot by Chris Stewart.
16:46 of 2nd period - Deflect By Tim Connolly.
16:46 of 2nd period - Shot Blocked by Brian Lee.
16:46 of 2nd period - Puck is out of play.
16:47 of 2nd period - Tim Connolly wins face-off versus Travis Zajac in Blues zone.
16:56 of 2nd period - Tyler Ennis is hit by Paul Kariya and loses puck.
17:42 of 2nd period - Travis Zajac is hit by Chris Stewart and loses puck.
17:55 of 2nd period - Bryce Lampman is hit by Chris Stewart and loses puck.
18:18 of 2nd period - Slapshot by Denis Grebeshkov.
18:18 of 2nd period - Shot Misses the Net.
19:29 of 2nd period - Minor Penalty to Tyler Ennis for Cross-checking.
19:30 of 2nd period - Drew Miller wins face-off versus Nik Antropov in Coyotes zone.
Goals for this period are 0 for Coyotes vs 1 for Blues.
Shots for this period are 5 for Coyotes vs 12 for Blues.
3rd period
0:01 of 3rd period - Drew Miller wins face-off versus Nik Antropov in neutral zone.
0:26 of 3rd period - Penalty to Marian Gaborik is over, Marian Gaborik is back on ice.
1:29 of 3rd period - Penalty to Tyler Ennis is over, Tyler Ennis is back on ice.
1:41 of 3rd period - Icing by Taylor Pyatt.
1:42 of 3rd period - Andrew Cogliano wins face-off versus Marian Gaborik in Blues zone.
2:03 of 3rd period - Wrist shot by Kevin Shattenkirk.
2:03 of 3rd period - Stopped by Ryan Miller with a rebound.
2:33 of 3rd period - Snap shot by Andrew Cogliano.
2:33 of 3rd period - Stopped by Ryan Miller with a rebound.
2:35 of 3rd period - Snap shot by Taylor Pyatt.
2:35 of 3rd period - Shot Blocked by Andy Sutton.
2:37 of 3rd period - Snap shot by Sergei Shirokov.
2:37 of 3rd period - Shot Misses the Net.
2:39 of 3rd period - Slapshot by Sergei Shirokov.
2:39 of 3rd period - Shot Blocked by Andy Sutton.
2:41 of 3rd period - Wrist shot by Taylor Pyatt.
2:41 of 3rd period - Shot Misses the Net.
3:07 of 3rd period - Slapshot by Kevin Shattenkirk.
3:07 of 3rd period - Shot Blocked by Frans Nielsen.
3:11 of 3rd period - Snap shot by Andrew Cogliano.
3:11 of 3rd period - Deflect By Sergei Shirokov.
3:11 of 3rd period - Shot Misses the Net.
3:11 of 3rd period - Puck is out of play.
3:12 of 3rd period - Saku Koivu wins face-off versus Nik Antropov in Coyotes zone.
3:19 of 3rd period - Slapshot by Anton Stralman.
3:19 of 3rd period - Shot Blocked by Nik Antropov.
3:22 of 3rd period - Icing by Bryce Lampman.
3:23 of 3rd period - Saku Koivu wins face-off versus Marian Hossa in Blues zone.
4:51 of 3rd period - Off-side.
4:52 of 3rd period - Frans Nielsen wins face-off versus Joe Pavelski in neutral zone.
5:24 of 3rd period - Tyler Ennis is hit by Ales Kotalik and loses puck.
7:27 of 3rd period - Paul Kariya is hit by Denis Grebeshkov and loses puck.
7:50 of 3rd period - Dan Boyle is hit by Marian Gaborik and loses puck.
8:15 of 3rd period - Erik Christensen is hit by Dan Boyle and loses puck.
8:30 of 3rd period - Kevin Shattenkirk is hit by Drew Miller and loses puck.
8:47 of 3rd period - Saku Koivu is hit by Kevin Shattenkirk and loses puck.
9:02 of 3rd period - Paul Kariya is hit by Tim Connolly.
9:34 of 3rd period - Sergei Gonchar is hit by Brent Burns and loses puck.
9:49 of 3rd period - Andy Sutton is hit by Taylor Pyatt and loses puck.
10:12 of 3rd period - Snap shot by Erik Cole.
10:12 of 3rd period - Shot Blocked by Drew Fata.
10:14 of 3rd period - Snap shot by Chad Larose.
10:14 of 3rd period - Shot Misses the Net.
10:16 of 3rd period - Snap shot by Erik Cole.
10:16 of 3rd period - Stopped by Tuukka Rask with a rebound.
10:57 of 3rd period - Chris Stewart is hit by Sergei Shirokov and loses puck.
11:10 of 3rd period - Frans Nielsen is hit by David Perron and loses puck.
11:30 of 3rd period - Wrist shot by Tim Connolly.
11:30 of 3rd period - Stopped by Tuukka Rask without a rebound.
11:31 of 3rd period - Tim Connolly wins face-off versus Nik Antropov in Blues zone.
12:02 of 3rd period - Paul Kariya is hit by Chad Larose and loses puck.
12:11 of 3rd period - Joe Pavelski is hit by Erik Cole and loses puck.
12:22 of 3rd period - Shawn Thornton is hit by Taylor Pyatt and loses puck.
12:29 of 3rd period - Wrist shot by Taylor Pyatt.
12:29 of 3rd period - Stopped by Ryan Miller without a rebound.
12:30 of 3rd period - Tim Connolly wins face-off versus Nik Antropov in Coyotes zone.
13:00 of 3rd period - Wrist shot by Saku Koivu.
13:00 of 3rd period - Stopped by Tuukka Rask without a rebound.
13:01 of 3rd period - Travis Zajac wins face-off versus Saku Koivu in Blues zone.
13:06 of 3rd period - Saku Koivu is hit by Dan Boyle and loses puck.
13:23 of 3rd period - Adrian Aucoin is hit by Dan Boyle and loses puck.
13:28 of 3rd period - Wrist shot by Paul Kariya.
13:28 of 3rd period - Stopped by Ryan Miller without a rebound.
13:29 of 3rd period - Frans Nielsen wins face-off versus Nik Antropov in Coyotes zone.
13:29 of 3rd period - Frans Nielsen is hit by Nik Antropov.
13:37 of 3rd period - Snap shot by Anton Stralman.
13:37 of 3rd period - Shot Misses the Net.
13:39 of 3rd period - Snap shot by Drew Miller.
13:39 of 3rd period - Deflect By Brent Burns.
13:39 of 3rd period - Stopped by Tuukka Rask without a rebound.
13:40 of 3rd period - Travis Zajac wins face-off versus Frans Nielsen in Blues zone.
13:45 of 3rd period - Wrist shot by Paul Kariya.
13:45 of 3rd period - Stopped by Ryan Miller with a rebound.
13:47 of 3rd period - Snap shot by Brian Lee.
13:47 of 3rd period - Deflect By Travis Zajac.
13:47 of 3rd period - Shot Blocked by Denis Grebeshkov.
13:47 of 3rd period - Puck is out of play.
13:48 of 3rd period - Travis Zajac wins face-off versus Frans Nielsen in Coyotes zone.
13:49 of 3rd period - Wrist shot by Paul Kariya.
13:49 of 3rd period - Goal by Paul Kariya - Coyotes : 1 - Blues : 6.
13:50 of 3rd period - Frans Nielsen wins face-off versus Travis Zajac in neutral zone.
14:03 of 3rd period - Snap shot by Frans Nielsen.
14:03 of 3rd period - Stopped by Tuukka Rask without a rebound.
14:04 of 3rd period - Tim Connolly wins face-off versus Nik Antropov in Blues zone.
14:05 of 3rd period - Snap shot by Marian Gaborik.
14:05 of 3rd period - Stopped by Tuukka Rask with a rebound.
14:13 of 3rd period - Wrist shot by Tim Connolly.
14:13 of 3rd period - Shot Blocked by Brent Burns.
14:37 of 3rd period - Snap shot by Sergei Shirokov.
14:37 of 3rd period - Shot Misses the Net.
14:45 of 3rd period - Snap shot by Marian Gaborik.
14:45 of 3rd period - Goal by Marian Gaborik - Coyotes : 2 - Blues : 6.
14:46 of 3rd period - Frans Nielsen wins face-off versus Travis Zajac in neutral zone.
14:49 of 3rd period - Slapshot by Sergei Gonchar.
14:49 of 3rd period - Stopped by Tuukka Rask without a rebound.
14:50 of 3rd period - Frans Nielsen wins face-off versus Travis Zajac in Blues zone.
15:57 of 3rd period - Slapshot by Sergei Gonchar.
15:57 of 3rd period - Shot Misses the Net.
15:59 of 3rd period - Snap shot by Sami Kapanen.
15:59 of 3rd period - Stopped by Tuukka Rask without a rebound.
16:00 of 3rd period - Erik Christensen wins face-off versus Andrew Cogliano in Blues zone.
16:03 of 3rd period - Snap shot by Sami Kapanen.
16:03 of 3rd period - Shot Blocked by Kevin Shattenkirk.
16:05 of 3rd period - Snap shot by Shawn Thornton.
16:05 of 3rd period - Stopped by Tuukka Rask without a rebound.
16:06 of 3rd period - Frans Nielsen wins face-off versus Travis Zajac in Blues zone.
16:07 of 3rd period - Snap shot by Drew Miller.
16:07 of 3rd period - Shot Misses the Net.
16:38 of 3rd period - Backhand shot by Marian Gaborik.
16:38 of 3rd period - Stopped by Tuukka Rask without a rebound.
16:39 of 3rd period - Travis Zajac wins face-off versus Tim Connolly in Blues zone.
16:39 of 3rd period - Travis Zajac is hit by Anton Stralman.
16:46 of 3rd period - Minor Penalty to Tyler Ennis for Tripping.
16:47 of 3rd period - Nik Antropov wins face-off versus Chad Larose in Coyotes zone.
16:49 of 3rd period - Wrist shot by Marian Hossa.
16:49 of 3rd period - Shot Hit the Post.
16:51 of 3rd period - Wrist shot by Marian Hossa.
16:51 of 3rd period - Goal by Marian Hossa - Coyotes : 2 - Blues : 7.
16:52 of 3rd period - Frans Nielsen wins face-off versus Travis Zajac in neutral zone.
17:07 of 3rd period - Snap shot by Drew Miller.
17:07 of 3rd period - Shot Blocked by Dan Boyle.
17:23 of 3rd period - Minor Penalty to Denis Grebeshkov for Roughing.
17:24 of 3rd period - Nik Antropov wins face-off versus Drew Miller in Coyotes zone.
17:40 of 3rd period - Snap shot by Paul Kariya.
17:40 of 3rd period - Stopped by Ryan Miller without a rebound.
17:41 of 3rd period - Travis Zajac wins face-off versus Drew Miller in Coyotes zone.
17:56 of 3rd period - Backhand shot by David Perron.
17:56 of 3rd period - Shot Blocked by Andy Sutton.
18:10 of 3rd period - Slapshot by Brent Burns.
18:10 of 3rd period - Shot Blocked by Adrian Aucoin.
18:12 of 3rd period - Slapshot by Brent Burns.
18:12 of 3rd period - Stopped by Ryan Miller with a rebound.
18:26 of 3rd period - Travis Zajac is hit by Chad Larose.
19:23 of 3rd period - Penalty to Denis Grebeshkov is over, Denis Grebeshkov is back on ice.
19:28 of 3rd period - Adrian Aucoin is hit by Kevin Shattenkirk.
19:52 of 3rd period - Tomas Kloucek is hit by Kevin Shattenkirk and loses puck.
Goals for this period are 1 for Coyotes vs 2 for Blues.
Shots for this period are 11 for Coyotes vs 9 for Blues.
Output by the SimonT Hockey Simulator (STHS) for François Prévost -- Original Page W3C XHTML 1.0 Valid